 Dungeon Crawl Stone Soup version 0.31-a0-229-g1fc7ce93e2 (webtiles) character file.

Game seed: 13459306459171538351

58 qw the Shooter (level 3, 0/29 HPs)
             Began as a Minotaur Hexslinger on July 6, 2023.
             Killed from afar by Natasha (3 damage)
             ... with a magic dart
             ... on level 2 of the Dungeon.
             The game lasted 00:00:35 (1476 turns).

qw the Shooter (Minotaur Hexslinger)                Turns: 1476, Time: 00:00:35

Health: 0/29       AC:  3    Str: 12    XL:     3   Next: 76%
Magic:  3/3        EV: 12    Int: 10    God:
Gold:   93         SH:  0    Dex: 14    Spells: 3/4 levels left

rFire   . . .        Y - +1 sling
rCold   . . .        (no shield)
rNeg    . . .        c - +0 robe
rPois   .            (helmet restricted)
rElec   .            (no cloak)
rCorr   .            (no gloves)
SInv    .            e - +0 pair of boots
Will    .....        (no amulet)
Stlth   +            (no ring)
HPRegen 0.24/turn    (no ring)
MPRegen 0.08/turn

%: no passive effects
@: slowed, very slow
A: horns 2, retaliatory headbutt
a: no special abilities


You were on level 2 of the Dungeon.
You visited 1 branch of the dungeon, and saw 2 of its levels.

You collected 93 gold pieces.


Innate Abilities, Weirdness & Mutations

You have a pair of horns on your head.
You reflexively headbutt those who attack you in melee.


   Skills:
 - Level 2.0 Fighting
 + Level 4.3 Ranged Weapons
 - Level 2.1 Dodging
 - Level 1.0 Spellcasting
 - Level 2.0 Hexes


You had 3 spell levels left.
You knew the following spells:

 Your Spells              Type           Power      Damage    Failure   Level
a - Slow                  Hex            16%        N/A       16%         1

Your spell library contained the following spells:

 Spells                   Type           Power      Damage    Failure   Level
 Inner Flame              Hex/Fire       2%         N/A       56%         3
 Portal Projectile        Hex/Tloc       4%         N/A       56%         3
 Cause Fear               Hex            2%         N/A       83%         4

Inventory:

Hand Weapons
 Y - a +1 sling (weapon)
Armour
 c - a +0 robe (worn)
 e - a +0 pair of boots (worn)
Jewellery
 b - a +6 ring of strength
Scrolls
 d - a scroll of noise {unknown}
 f - a scroll of enchant weapon {unknown}
Potions
 a - a potion of mutation {unknown}
 g - a potion of might {unknown}
 h - a potion of berserk rage {unknown}
 i - a potion of magic {unknown}
 k - a potion of curing
 l - a potion of heal wounds {unknown}
 m - a potion of brilliance {unknown}
 o - 2 potions of enlightenment {unknown}

Dungeon Overview and Level Annotations

Branches:
Dungeon (2/15)

Altars:

Annotations:
D:2 Natasha


Message History

You shoot a sling bullet. The sling bullet misses Natasha.
Natasha mumbles some strange words.
Natasha casts a spell at you.
You feel yourself slow down.
You shoot a sling bullet.
The sling bullet closely misses Natasha.
The sling bullet closely misses the cerulean imp.
You shoot a sling bullet. The sling bullet hits Natasha.
Natasha is moderately wounded.
You shoot a sling bullet. The sling bullet misses Natasha.
The sling bullet hits the cerulean imp.
The cerulean imp is moderately wounded.
Natasha closely misses you.
The cerulean imp hits you from afar with a +0 spear.
Natasha mumbles some strange words.
You shoot a sling bullet.
The sling bullet hits Natasha but does no damage.
Natasha is moderately wounded.
The cerulean imp hits you from afar with a +0 spear.
Natasha claws you. The cerulean imp misses you. You furiously retaliate!
You headbutt the cerulean imp.
The cerulean imp hits you from afar with a +0 spear.
You shoot a sling bullet.
The sling bullet closely misses the cerulean imp.
Natasha claws you. The cerulean imp closely misses you.
The cerulean imp hits you from afar with a +0 spear.
Natasha closely misses you. The cerulean imp closely misses you.
The cerulean imp hits you from afar with a +0 spear.
You shoot a sling bullet.
The sling bullet hits the cerulean imp but does no damage.
The cerulean imp is heavily wounded.
Natasha claws you.
The cerulean imp hits you but does no damage. x2
Natasha claws you. The cerulean imp closely misses you.
The cerulean imp barely misses you.
You shoot a sling bullet.
The sling bullet hits the cerulean imp but does no damage.
The cerulean imp is heavily wounded.
Natasha casts a spell at you. The magic dart hits you.
You die...

...# ##%# ... ##.#
########.# #..#
#.....##.#
#.#######.###.##.#
..........#.#.##.#
..#######.....##5#
..............##h#
..########.()###@##.####
..# ##....5......?. ..#
##.####...##### #.#
#.........#
#.########...[.....#
#.......%....#######
##############


You could see Natasha and 2 cerulean imps.

Vanquished Creatures
  An adder (D:2)
  A worm (D:2)
  A dart slug (D:1)
  2 bats
  2 endoplasms
  A giant cockroach (D:2)
  3 hobgoblins
  3 kobolds
  5 quokkas
  7 ball pythons
  3 frilled lizards (D:1)
  9 goblins
  4 rats
42 creatures vanquished.

Notes
Turn   | Place    | Note
-------+----------+-------------------------------------------
     0 | D:1      | qw the Minotaur Hexslinger began the quest for the Orb.
     0 | D:1      | Reached XP level 1. HP: 16/16 MP: 1/1
     0 | D:1      | 0 ||| qw: Version: 0.3-a-46-gb1f654a
     0 | D:1      | 0 ||| qw: Game counter: 1203
     0 | D:1      | 0 ||| qw: Melee chars always use a shield: true
     0 | D:1      | 0 ||| qw: God list: Okawaru
     0 | D:1      | 0 ||| qw: Allow faded altars: false
     0 | D:1      | 0 ||| qw: Do Orc after clearing Dungeon:15 true
     0 | D:1      | 0 ||| qw: Do second Lair branch before Depths: true
     0 | D:1      | 0 ||| qw: Lair rune preference: random
     0 | D:1      | 0 ||| qw: Goals: Normal
     0 | D:1      | 0 ||| PLANNING D:1-11
   145 | D:1      | Reached skill level 3 in Ranged Weapons
   212 | D:1      | Reached XP level 2. HP: 21/23 MP: 2/2
   691 | D:1      | Reached XP level 3. HP: 29/29 MP: 3/3
   907 | D:1      | 907 ||| UPGRADING to +0 pair of boots.
   912 | D:1      | 912 ||| READING scroll labelled BOCKAF DALUUG.
   913 | D:1      | 913 ||| READING scroll labelled XABUSI LAZXU.
   914 | D:1      | 914 ||| READING scroll labelled ALAOCZOOXO.
   915 | D:1      | 915 ||| READING scroll labelled CECKON TYSKIRI.
   966 | D:1      | 966 ||| READING scroll labelled POMNIV FUNEXOR.
  1067 | D:1      | 1067 ||| DRINKING 2 yellow potions.
  1068 | D:1      | 1068 ||| DROPPING scroll of poison.
  1180 | D:2      | Reached skill level 4 in Ranged Weapons
  1467 | D:2      | Noticed Natasha
  1474 | D:2      | HP: 7/29 [cerulean imp/+0 spear[Natasha] (5)]
  1475 | D:2      | HP: 3/29 [Natasha (4)]
  1476 | D:2      | Killed from afar by Natasha

Levels and vault maps discovered:
D:1:      tarquinn_simple_flora_water_d, layout_basic, nicolae_hexahallways
D:2:      layout_loops_ring, minmay_lizard_king, uniq_natasha

Skill      XL: |  1  2  3 |
---------------+----------+-----
Ranged Weapons | 3 4 |  4.3
Fighting       | 2 |  2.0
Dodging        | |  2.1
Spellcasting   | |  1.0
Hexes          | |  2.0

Action                     || total
---------------------------++-------
   Fire: Sling             ||   130
    Use: Scroll            ||     5
         Potion            ||     1
 Armour: Robe              ||    10
  Dodge: Dodged            ||    36

Table legend:
 A = Non-vault XP
 B = Vault XP
 C = Vault XP percentage of total XP
 D = Non-vault monster count
 E = Vault monster count
 F = Vault count percentage of total count
                 A         B        C        D         E       F
            +---------+---------+-------+---------+---------+-------
      Total |      84 |       0 |   0.0 |      42 |       0 |   0.0
            +---------+---------+-------+---------+---------+-------
        D:1 |      47 |       0 |   0.0 |      28 |       0 |   0.0
        D:2 |      37 |       0 |   0.0 |      14 |       0 |   0.0
            +---------+---------+-------+---------+---------+-------
